Construct Infanterie Kompanie
Selects Luftwaffe Battlegroup
Selects Luftwaffe Pioneer Support
Fallschirmpioneer Squad Paradrop
Selects Stuka Strafing Run
Construct Panzergrenadier Kompanie
Infanterie Officer Quarters
Selects Flak 38 Anti-Air Emplacement
Pak 40 Anti-tank Gun Team
Nebelwerfer 42 Rocket Launcher Team
Pak 40 Anti-tank Gun Team
Selects Flak 36 Anti-tank Gun Emplacement
Construct Panzer Kompanie
Selects Fallschirmjäger Squad Paradrop
Pak 40 Anti-tank Gun Team